 Dungeon Crawl Stone Soup version 0.27-a0-906-g0a00ce863d (webtiles) character file.

Game seed: 14891467542751090770

9 Alarkh the Insei (level 2, 8/22 HPs)
             Began as a Demonspawn Gladiator on Apr 7, 2021.
             Got out of the dungeon alive.
             The game lasted 00:00:16 (160 turns).

Alarkh the Insei (Demonspawn Gladiator)              Turns: 160, Time: 00:00:16

Health: 8/22       AC:  5    Str: 14    XL:     2   Next: 6%
Magic:  2/2        EV: 12    Int:  9    God:
Gold:   14         SH:  0    Dex: 14    Spells: 1/1 levels left

rFire    . . .     SeeInvis .     - Unarmed
rCold    . . .     Faith    .   (no shield)
rNeg     . . .     Spirit   .   a - +0 leather armour
rPois    .         Reflect  .   b - +0 helmet
rElec    .         Harm     .   (no cloak)
rCorr    .         Rampage  .   (no gloves)
Will     .....                  (no boots)
Stlth    +.........             (no amulet)
HPRegen  0.07/turn              (no ring)
MPRegen  0.08/turn              (no ring)

@: no status effects
A: rugged brown scales 1
a: no special abilities


You escaped.
You visited 1 branch of the dungeon, and saw 1 of its levels.

You collected 14 gold pieces.

Inventory:

Missiles
 c - 3 throwing nets (quivered)
Armour
 a - a +0 leather armour (worn)
 b - a +0 helmet (worn)
Scrolls
 d - a scroll of enchant armour {unknown}


   Skills:
 + Level 2.3 Fighting
 - Level 1.7 Throwing
 - Level 2.6 Dodging
 * Level 3.1 Unarmed Combat


You had one spell level left.
You didn't know any spells.
Your spell library was empty.

Dungeon Overview and Level Annotations

Branches:
Dungeon (1/15)

Altars:


Innate Abilities, Weirdness & Mutations

You are partially covered in rugged brown scales. (AC +1, +3% HP)


Message History

You are too injured to fight recklessly!
You hit the jackal.
The jackal is heavily wounded.
You barely miss the jackal.
The jackal is heavily wounded.
The jackal closely misses you.
You hit the jackal.
You kill the jackal!
The jackal bites you.
You closely miss the jackal. The jackal bites you.
You closely miss the jackal.
The jackal bites you but does no damage.
You hit the jackal but do no damage.
The jackal bites you but does no damage.
The jackal bites you.
* * * LOW HITPOINT WARNING * * *
You hit the jackal.
You kill the jackal!
Your Unarmed Combat skill increases to level 3!
You hit the jackal.
You kill the jackal!
You have reached level 2!
Your demonic ancestry asserts itself...
Rugged brown scales grow over part of your body.
You closely miss the kobold. The kobold closely misses you.
You closely miss the kobold. The kobold misses you.
You hit the kobold but do no damage. The kobold hits you but does no damage.
You barely miss the kobold. The kobold hits you but does no damage.
You hit the kobold.
You kill the kobold!
Items here: ) ††††.
There is a stone staircase leading down here.
There is an open door here.
There is an open door here.
There is an open door here.
You open the door.
There is an open door here.
There is a staircase leading out of the dungeon here.
Are you sure you want to leave the Dungeon?
This will make you lose the game!
You have escaped!

#....# ..#.# . #....# ..#.#
.#####'###### ..#.#
............# .#..
...)........# ......._....#
#########+. ............#
#.........# #...........#
#'#.######## #...........#
#@#.# ..... #....)......#
#'#.# ..... .........####
#.#.# ...... .........#
#####...##...... .........#
#...............
.........###.######.#......
......[....................
...........#.######).......
...........#.# #........


There were no monsters in sight!

Vanquished Creatures
  An endoplasm (D:1)
  3 jackals (D:1)
  3 kobolds (D:1)
  2 rats (D:1)
9 creatures vanquished.

Notes
Turn   | Place    | Note
-------+----------+-------------------------------------------
     0 | D:1      | Alarkh the Demonspawn Gladiator began the quest for the
                  | Orb.
     0 | D:1      | Reached XP level 1. HP: 16/16 MP: 1/1
    30 | D:1      | Found a faded altar of an unknown god.
   102 | D:1      | Reached skill level 3 in Unarmed Combat
   103 | D:1      | Gained mutation: You are partially covered in rugged brown
                  | scales. (AC +1, +3% HP) [demonic ancestry]
   103 | D:1      | Reached XP level 2. HP: 4/22 MP: 2/2
   160 | D:$      | Got out of the dungeon alive.

Illustrated notes

Levels and vault maps discovered:
D:1:      dpeg_arrival_tiny_b, layout_basic, basic_ecumenical_altar, minivault_5

Skill      XL: |  1 |
---------------+----+-----
Unarmed Combat | 3 |  3.1
Fighting       | |  2.3
Throwing       | |  1.7
Dodging        | |  2.6

Action                   || total
-------------------------++-------
Melee: Unarmed           ||    37
Armor: Leather armour    ||    14
Dodge: Dodged            ||    13

Table legend: (Time is in decaauts)
 A = Elapsed time spent in this place.
 B = Non-inter-level travel time spent in this place.
 C = Inter-level travel time spent in this place.
 D = Time resting spent in this place.
 E = Time spent auto-exploring this place.
 F = Levels seen in this place.
 G = Mean time per level.
                   A        B        C        D        E       F      G
               +--------+--------+--------+--------+--------+-----+--------+
         Total |    157 |    109 |     48 |      0 |     49 |   1 |  157.0 |
       Dungeon |    157 |    109 |     48 |      0 |     49 |   1 |  157.0 |
               +--------+--------+--------+--------+--------+-----+--------+

Top non-repeatable levels by time:
     D:1: 157 daAuts
